Map: Champ de stase EC

Players

BackseatCar

  • Race: Zerg Zerg
  • League: Master
  • Spawn Location: 1:00

zuka - Winner!

  • Race: Protoss Protoss
  • League: Master
  • Spawn Location: 11:00

VOD

Have the link to the VOD?

Description

Time

  • Played on: Nov. 25, 2018, 7:25 a.m.
  • Length: 8:19
Show
View Real Time Build Order
Export as new Build Order

BackseatCar Zerg 

Build Orders: Hatch First 

Get SALT Encoding   

  12  0:01  Drone  
  13  0:13  Overlord  
  13  0:18  Drone  
  14  0:31  Drone  
  14  0:32  Drone  
  16  0:38  Drone  
  17  0:56  Hatchery  
  16  0:59  Drone  
  17  1:11  Spawning Pool  
  17  1:13  Drone  
  17  1:19  Drone  
  17  1:20  Extractor  
  17  1:23  Drone  
  18  1:30  Drone  
  19  1:45  Overlord  
  19  1:59  Zergling x2  
  19  2:00  Queen  
  22  2:07  Drone  
  23  2:09  Queen, Drone  
  23  2:15  Drone  
  27  2:20  Drone  
  28  2:23  Metabolic Boost  
  28  2:25  Drone  
  29  2:32  Drone  
  29  2:33  Drone  
  31  2:41  Drone  
  32  2:45  Drone  
  32  2:47  Queen  
  35  2:55  Drone  
  35  2:56  Overlord  
  36  3:07  Spore Crawler  
  36  3:08  Spore Crawler  
  36  3:10  Drone x2  
  36  3:16  Zergling x6  
  36  3:17  Zergling x2  
  40  3:21  Drone x2  
  40  3:26  Drone x2  
  44  3:43  Lair  
  44  3:47  Extractor x2  
  42  3:50  Extractor  
  42  3:51  Overlord x4  
  41  4:13  Drone x8  
  47  4:24  Drone x2  
  49  4:25  Drone x2  
  51  4:35  Drone x2  
  53  4:46  Hydralisk Den, Drone  
  53  4:51  Drone  
  53  4:52  Overlord  
  54  4:53  Drone  
  54  4:56  Drone  
  54  4:57  Evolution Chamber  
  54  4:58  Queen  
  57  5:11  Baneling Nest  
  56  5:15  Drone  
  56  5:18  Zergling x2  
  56  5:19  Zergling x10  
  63  5:22  Hatchery  
  63  5:25  Zerg Missile Weapons Level 1  
  63  5:26  Grooved Spines, Hydralisk  
  64  5:28  Hydralisk  
  66  5:38  Drone x2  
  66  5:39  Hydralisk x2  
  72  5:45  Drone  
  70  5:57  Drone x3  
  70  5:59  Hydralisk  
  75  6:11  Overlord x3  
  75  6:15  Lurker Den  
  74  6:18  Spire, Drone  
  74  6:19  Drone x3  
  74  6:25  Overlord x2  
  76  6:33  Spore Crawler  
  76  6:39  Hydralisk  
  74  6:46  Queen  
  78  6:47  Drone x3  
  78  6:48  Drone  
  78  6:49  Drone x3  
  83  7:01  Hydralisk x4  
  89  7:09  Drone x2  
  91  7:20  Drone  
  91  7:21  Spore Crawler x2, Extractor x2, Drone x2  
  90  7:24  Hydralisk  
  90  7:25  Hydralisk x2  
  82  7:31  Hydralisk  
  82  7:32  Hydralisk  
  82  7:35  Zergling x2  
  82  7:36  Zergling x2  
  65  7:37  Zergling x2  
  65  7:40  Zergling x4  
  65  7:41  Zergling x2  
  63  7:45  Hydralisk  
  62  7:52  Hydralisk  
Show
View Real Time Build Order
Export as new Build Order

zuka Protoss - Winner!

Build Orders: 1 Gate Expand, Oracle Opening, Phoenix Opening 

Get SALT Encoding   

  12  0:00  Probe  
  13  0:13  Probe  
  14  0:21  Probe  
  14  0:22  Pylon  
  15  0:37  Probe  
  15  0:42  Gateway  
  16  0:49  Probe  
  17  0:51  Assimilator  
  17  0:57  Probe  
  18  1:05  Probe  
  19  1:15  Probe  
  20  1:30  Nexus  
  20  1:39  Cybernetics Core  
  20  1:41  Probe  
  20  1:46  Assimilator  
  21  1:54  Probe  
  22  1:59  Pylon  
  22  2:06  Probe  
  22  2:08  Adept  
  23  2:18  Probe  
  26  2:24  Stargate  
  26  2:30  Probe  
  26  2:35  Adept  
  29  2:38  Assimilator  
  29  2:40  Warp Gate  
  29  2:45  Probe  
  29  2:46  Probe  
  31  2:57  Probe  
  32  3:01  Phoenix  
  32  3:03  Pylon  
  32  3:04  Probe  
  33  3:09  Probe  
  36  3:16  Probe  
  37  3:21  Probe  
  38  3:28  Oracle, Probe  
  38  3:33  Probe  
  43  3:39  Stalker  
  43  3:40  Probe  
  42  3:46  Shield Battery, Probe  
  46  3:56  Gateway  
  46  3:58  Probe  
  46  4:02  Pylon  
  46  4:07  Gateway  
  46  4:09  Sentry  
  48  4:20  Fleet Beacon  
  48  4:21  Probe  
  48  4:23  Probe  
  50  4:31  Probe  
  50  4:33  Probe  
  50  4:36  Gateway  
  52  4:39  Probe  
  52  4:45  Probe, Twilight Council  
  54  4:52  Probe  
  55  4:53  Tempest  
  55  4:56  Gateway  
  55  4:57  Probe  
  56  5:00  Gateway  
  61  5:16  Robotics Facility  
  61  5:18  Pylon x2  
  61  5:22  Charge  
  61  5:29  Tempest  
  61  5:30  Gateway  
  66  5:46  Gateway x2  
  66  5:54  Warp Prism  
  66  6:03  Zealot x4  
  76  6:15  Zealot  
  76  6:18  Pylon  
  78  6:20  Pylon  
  78  6:21  Pylon  
  78  6:22  Gateway  
  78  6:38  Zealot x5  
  88  6:50  Zealot  
  90  6:55  Zealot x2  
  94  7:06  Zealot x2  
  93  7:13  Zealot x3  
  93  7:14  Zealot  
  101  7:29  Zealot x5  
  96  7:35  Zealot x3  
  98  7:46  Zealot  
  100  7:53  Probe x2  
  100  7:57  Templar Archives  
  102  8:00  Pylon  
  102  8:02  Pylon  
  102  8:05  Probe  
  99  8:07  Zealot  
Tags
 
Add a new tag
Caveats
  • Supply blocks, unpowered buildings, or Contaminate may cause inaccurate times.
  • Supply counts are checked every 10 seconds.